[Event "BL 2013-2014"]
[Site "Germany"]
[Date "2013.11.24"]
[Round "4.3"]
[White "Howell, David W L"]
[Black "Bologan, Viktor"]
[Result "1/2-1/2"]
[ECO "B51"]
[WhiteElo "2644"]
[BlackElo "2662"]
[PlyCount "175"]
[EventDate "2013.??.??"]
[EventCountry "GER"]
[WhiteTeam "SG Trier 1877"]
[BlackTeam "SC Eppingen"]
[TimeControl "40/6000+30:20/3000+30:900+30"]

1. Nf3 c5 2. e4 d6 3. Bb5+ Nd7 4. O-O Ngf6 5. Re1 a6 6. Bf1 b6 7. d3 Bb7 8.
Nbd2 e6 9. c3 Ne5 10. d4 Nxf3+ 11. Qxf3 cxd4 12. cxd4 Be7 13. Bd3 O-O 14. Nf1
b5 15. Ng3 Nd7 16. Qg4 g6 17. Bh6 Re8 18. Rad1 Rc8 19. Bb1 Nf6 20. Qe2 Nd7 21.
Qg4 Nf6 22. Qe2 Nd7 23. Qe3 Qb6 24. Qf3 Bf6 25. Be3 Qd8 26. Qg4 Bg7 27. Bg5 Qb6
28. Be3 Qd8 29. Bg5 Qb6 30. Be3 Rc4 31. Ne2 Qd8 32. Qg3 e5 33. d5 Bf6 34. Rc1
Qa5 35. f3 Rec8 36. Rxc4 Rxc4 37. Nc1 Qd8 38. Qf2 Bh4 39. g3 Bg5 40. Nb3 Bxe3
41. Qxe3 Rc8 42. Qa7 Rc7 43. Qe3 Nc5 44. Na5 Na4 45. Qd2 Rc8 46. Kg2 Qc7 47.
Nb3 Qb6 48. h4 f6 49. Rf1 Nc5 50. Qa5 Qa7 51. Nc1 Nd7 52. Qd2 a5 53. h5 g5 54.
g4 b4 55. Ne2 Nb6 56. b3 Rc5 57. Bd3 Bc8 58. Rc1 Rxc1 59. Qxc1 Bd7 60. Ng3 Qb7
61. a3 Na8 62. Nf1 Kf7 63. Ne3 Ke7 64. Nc4 Qa7 65. axb4 axb4 66. Qd2 Qc5 67.
Ne3 Nc7 68. Nc2 Bb5 69. Nxb4 Qd4 70. Qc2 Qxb4 71. Qxc7+ Bd7 72. Qc2 h6 73. Bc4
Kd8 74. Kf1 Qa5 75. Qb2 Qb4 76. Qc1 Qa5 77. Qb2 Qb4 78. Qc1 Qa5 79. Ke2 Qa2+
80. Ke3 Qa7+ 81. Ke2 Qa2+ 82. Ke3 Qa7+ 83. Kd3 Qf2 84. Qe3 Qxe3+ 85. Kxe3 Kc7
86. Kd3 Kb6 87. Kc3 Ka5 88. Be2 1/2-1/2

[Event "BL 2013-2014"]
[Site "Germany"]
[Date "2013.11.24"]
[Round "4.6"]
[White "Jacob, Volker"]
[Black "Gustafsson, Jan"]
[Result "0-1"]
[ECO "D45"]
[WhiteElo "2276"]
[BlackElo "2628"]
[PlyCount "82"]
[EventDate "2013.??.??"]
[EventCountry "GER"]
[WhiteTeam "SC Viernheim"]
[BlackTeam "OSG Baden-Baden"]
[TimeControl "40/6000+30:20/3000+30:900+30"]

1. d4 d5 2. c4 e6 3. Nc3 c6 4. e3 Nf6 5. Nf3 Nbd7 6. Qc2 Bd6 7. b3 O-O 8. Be2
b6 9. O-O Bb7 10. Bb2 Rc8 11. e4 Nxe4 12. Nxe4 dxe4 13. Qxe4 Nf6 14. Qh4 c5 15.
Rad1 Ne4 16. Qh5 Qe7 17. Bd3 f5 18. dxc5 Bxc5 19. Bxe4 fxe4 20. Ne5 Rcd8 21.
Rxd8 Rxd8 22. Rd1 Rxd1+ 23. Qxd1 e3 24. fxe3 Qg5 25. Qf1 Bxe3+ 26. Kh1 Qf5 27.
Qxf5 exf5 28. h3 g5 29. Nd7 Kf7 30. b4 h5 31. Nf6 h4 32. Nd5 Bf2 33. Bc1 g4 34.
a4 Ke6 35. Nf4+ Kd6 36. Bd2 Be4 37. hxg4 fxg4 38. Kh2 Ke5 39. Ne2 Bd3 40. Bf4+
Ke4 41. Nc1 Bxc4 0-1

[Event "BL 2013-2014"]
[Site "Germany"]
[Date "2013.11.24"]
[Round "4.7"]
[White "Jaracz, Pawel"]
[Black "Tiviakov, Sergei"]
[Result "1-0"]
[ECO "C10"]
[WhiteElo "2502"]
[BlackElo "2663"]
[PlyCount "63"]
[EventDate "2013.??.??"]
[EventCountry "GER"]
[WhiteTeam "SG Trier 1877"]
[BlackTeam "SC Eppingen"]
[TimeControl "40/6000+30:20/3000+30:900+30"]

1. e4 e6 2. d4 d5 3. Nd2 dxe4 4. Nxe4 Nd7 5. Nf3 Ngf6 6. Nxf6+ Nxf6 7. c3 Be7
8. Bd3 O-O 9. Qe2 b6 10. Bf4 Bb7 11. O-O-O Qc8 12. h4 c5 13. h5 cxd4 14. Nxd4
Rd8 15. Kb1 h6 16. Rh3 Bd6 17. Bxd6 Rxd6 18. g4 Rd5 19. f4 Qc7 20. g5 hxg5 21.
fxg5 Rxg5 22. h6 e5 23. Qe3 Rh5 24. Qg3 g6 25. Bxg6 Rxh3 26. Bxf7+ Kxf7 27.
Qg7+ Ke8 28. Qxc7 Be4+ 29. Nc2 Rxh6 30. Qxe5+ Kf7 31. Qc7+ Kf8 32. Kc1 1-0

[Event "BL 2013-2014"]
[Site "Germany"]
[Date "2013.11.24"]
[Round "4.7"]
[White "Joachim, Sven"]
[Black "Abel, Dennes"]
[Result "1/2-1/2"]
[ECO "C65"]
[WhiteElo "2414"]
[BlackElo "2427"]
[PlyCount "124"]
[EventDate "2013.??.??"]
[EventCountry "GER"]
[WhiteTeam "Werder Bremen"]
[BlackTeam "SF Berlin 1903"]
[TimeControl "40/6000+30:20/3000+30:900+30"]

1. e4 e5 2. Nf3 Nc6 3. Bb5 Nf6 4. d3 Bc5 5. Bxc6 dxc6 6. Nbd2 Be6 7. Qe2 Nd7 8.
b3 Qe7 9. Bb2 f6 10. d4 exd4 11. Nxd4 Bf7 12. Nf5 Qf8 13. O-O-O O-O-O 14. Nc4
g6 15. Nd4 Qe7 16. Rhe1 Rhe8 17. Qf1 Nb6 18. Nxc6 Rxd1+ 19. Rxd1 Qxe4 20. Nxa7+
Kb8 21. Nxb6 Bxb6 22. Nb5 Bd5 23. f3 Qf4+ 24. Kb1 Bc6 25. Qd3 Kc8 26. a4 Qg5
27. g3 Qe3 28. Bxf6 Qxd3 29. Rxd3 Bg1 30. h4 Bf2 31. g4 h6 32. h5 gxh5 33. gxh5
Rf8 34. Bg7 Rxf3 35. Bxh6 Rf5 36. Be3 Bxe3 37. Rxe3 Bxb5 38. axb5 Rxh5 39. c4
b6 40. Kc2 Kb7 41. Kc3 Rh1 42. Re4 Rh3+ 43. Kb4 Rg3 44. Re2 Rf3 45. Rc2 Rh3 46.
Rc3 Rh4 47. Ka3 Rh2 48. b4 Rh4 49. Kb3 Rg4 50. Rd3 Rg5 51. Rh3 Rf5 52. Re3 Rg5
53. Kc3 Rh5 54. Kd4 Rh4+ 55. Re4 Rh1 56. c5 bxc5+ 57. bxc5 Rb1 58. Kc4 Rc1+ 59.
Kb4 Rb1+ 60. Ka5 Ra1+ 61. Ra4 Rb1 62. Ra2 c6 1/2-1/2

[Event "BL 2013-2014"]
[Site "Germany"]
[Date "2013.11.24"]
[Round "4.4"]
[White "Jorczik, Julian"]
[Black "Nikolic, Predrag"]
[Result "1/2-1/2"]
[ECO "E11"]
[WhiteElo "2397"]
[BlackElo "2620"]
[PlyCount "100"]
[EventDate "2013.??.??"]
[EventCountry "GER"]
[WhiteTeam "Bayern München"]
[BlackTeam "SG Solingen"]
[TimeControl "40/6000+30:20/3000+30:900+30"]

1. d4 Nf6 2. Nf3 e6 3. c4 Bb4+ 4. Nbd2 d5 5. Qa4+ Nc6 6. e3 Bd7 7. Qc2 O-O 8.
a3 Be7 9. Bd3 a5 10. b3 Re8 11. O-O g6 12. Bb2 Bf8 13. Rac1 Nh5 14. Rfd1 f5 15.
Be2 Re7 16. Nb1 Be8 17. Nc3 Nf6 18. Ne5 Rg7 19. Na4 Qc8 20. Nc5 Nd8 21. f3 b6
22. Ncd3 c6 23. Nf2 Rc7 24. Qd3 Nb7 25. e4 Nd6 26. exd5 cxd5 27. Qe3 dxc4 28.
bxc4 Bg7 29. Qb3 Rb8 30. a4 Nf7 31. Nfd3 Nd7 32. Nxf7 Bxf7 33. f4 Nf6 34. Bf3
Be8 35. Ne5 Nd7 36. Ba3 Bf8 37. Bxf8 Kxf8 38. Qa3+ Kg8 39. Qd6 Nxe5 40. Qxe5
Bxa4 41. Re1 Bc6 42. Bxc6 Rxc6 43. d5 exd5 44. Qxd5+ Kf8 45. Qd4 Kf7 46. Re7+
Kxe7 47. Qg7+ Ke8 48. Qg8+ Ke7 49. Qg7+ Ke8 50. Qg8+ Ke7 1/2-1/2

[Event "BL 2013-2014"]
[Site "Germany"]
[Date "2013.11.24"]
[Round "4.5"]
[White "Kasimdzhanov, Rustam"]
[Black "Carbonnel, Pierre"]
[Result "1-0"]
[ECO "B76"]
[WhiteElo "2698"]
[BlackElo "2210"]
[PlyCount "55"]
[EventDate "2013.??.??"]
[EventCountry "GER"]
[WhiteTeam "OSG Baden-Baden"]
[BlackTeam "SC Viernheim"]
[TimeControl "40/6000+30:20/3000+30:900+30"]

1. e4 c5 2. Nf3 d6 3. d4 cxd4 4. Nxd4 Nf6 5. Nc3 g6 6. Be3 Bg7 7. f3 Nc6 8. Qd2
O-O 9. g4 Be6 10. Nxe6 fxe6 11. O-O-O Ne5 12. Be2 Rc8 13. Kb1 Nc4 14. Bxc4 Rxc4
15. e5 Ne8 16. f4 Qc8 17. Bd4 Rxf4 18. Qxf4 dxe5 19. Qf2 exd4 20. Ne4 Nd6 21.
Rhe1 e5 22. Qe2 Qe6 23. Rd3 Rc8 24. Nxd6 exd6 25. Rxd4 d5 26. Qb5 Rd8 27. c4
Qc6 28. Rxd5 1-0

[Event "BL 2013-2014"]
[Site "Germany"]
[Date "2013.11.24"]
[Round "4.2"]
[White "Kraemer, Martin"]
[Black "Efimenko, Zahar"]
[Result "0-1"]
[ECO "B54"]
[WhiteElo "2546"]
[BlackElo "2657"]
[PlyCount "43"]
[EventDate "2013.??.??"]
[EventCountry "GER"]
[WhiteTeam "SF Berlin 1903"]
[BlackTeam "Werder Bremen"]
[TimeControl "40/6000+30:20/3000+30:900+30"]

1. e4 c5 2. Nf3 e6 3. d4 cxd4 4. Nxd4 Nc6 5. Nc3 d6 6. g4 a6 7. Be3 Nge7 8. Nb3
b5 9. Qe2 Bb7 10. O-O-O Na5 11. f4 Nc4 12. Rg1 Rc8 13. Qf2 Nxe3 14. Qxe3 Qc7
15. Bd3 Nc6 16. Kb1 g6 17. h4 Bg7 18. Bxb5 O-O 19. Bxc6 Qxc6 20. Nd4 Qb6 21.
Rd3 Rxc3 22. Rf1 0-1

[Event "BL 2013-2014"]
[Site "Germany"]
[Date "2013.11.24"]
[Round "4.1"]
[White "Kravtsiv, Martyn"]
[Black "Rabiega, Robert"]
[Result "1-0"]
[ECO "C42"]
[WhiteElo "2611"]
[BlackElo "2498"]
[PlyCount "71"]
[EventDate "2013.??.??"]
[EventCountry "GER"]
[WhiteTeam "Hamburger SK"]
[BlackTeam "SK König Tegel"]
[TimeControl "40/6000+30:20/3000+30:900+30"]

1. e4 e5 2. Nf3 Nf6 3. Nxe5 d6 4. Nf3 Nxe4 5. Nc3 Nxc3 6. dxc3 Be7 7. Be3 O-O
8. Qd2 Nd7 9. O-O-O Ne5 10. Nxe5 dxe5 11. Bd3 c6 12. c4 Be6 13. Rhe1 Qc7 14.
Qe2 Bf6 15. Bd2 g6 16. Bc3 Bg5+ 17. Kb1 f6 18. h4 Bxh4 19. g3 Bg5 20. f4 Bh6
21. Rh1 Bg7 22. Qh2 h6 23. Bxg6 Bxc4 24. Bd2 f5 25. fxe5 Qxe5 26. Bc3 Qc7 27.
Bxg7 Qxg7 28. Rd6 Rad8 29. Bh7+ Kf7 30. Rxh6 Qd4 31. b3 Bd5 32. Bxf5 Bxh1 33.
Qh5+ Ke7 34. Re6+ Kd7 35. Re4+ Kc7 36. Rxd4 1-0

[Event "BL 2013-2014"]
[Site "Germany"]
[Date "2013.11.24"]
[Round "4.6"]
[White "Lauber, Arnd"]
[Black "Fish, Gennadij"]
[Result "1/2-1/2"]
[ECO "D35"]
[WhiteElo "2452"]
[BlackElo "2470"]
[PlyCount "135"]
[EventDate "2013.??.??"]
[EventCountry "GER"]
[WhiteTeam "SF Berlin 1903"]
[BlackTeam "Werder Bremen"]
[TimeControl "40/6000+30:20/3000+30:900+30"]

1. d4 d5 2. c4 e6 3. Nc3 c5 4. cxd5 exd5 5. Nf3 Nc6 6. Bf4 Nf6 7. e3 Be7 8.
dxc5 Bxc5 9. Bd3 O-O 10. O-O Bg4 11. h3 Bh5 12. Rc1 Bb4 13. Bg5 Bxc3 14. Rxc3
h6 15. Bxf6 Qxf6 16. Be2 Rad8 17. Qb3 Rd7 18. Rd1 Rfd8 19. Qa4 Re7 20. Rd2 Re4
21. Qd1 Rb4 22. Nd4 Nxd4 23. Bxh5 Ne6 24. Qf3 Qe7 25. Rxd5 g6 26. Rxd8+ Qxd8
27. Qg3 Qg5 28. Bg4 Kg7 29. f4 Qd5 30. Bxe6 Qxe6 31. Qf2 Qxa2 32. Rc2 Qd5 33.
Kh2 Rb3 34. Qe1 Qe4 35. Re2 b6 36. Qd2 a5 37. Kg1 a4 38. Kf2 b5 39. Qc2 Qxc2
40. Rxc2 f5 41. g4 Kf6 42. Kf3 Ke7 43. Rd2 h5 44. gxh5 gxh5 45. h4 Ke6 46. Kf2
Rb4 47. Ke2 Rc4 48. Kf3 Rc1 49. Rd4 Rc4 50. Rd2 Rb4 51. Kf2 Rb3 52. Ke2 b4 53.
Kf3 a3 54. bxa3 bxa3 55. Rd8 a2 56. Ra8 Rb2 57. Ra5 Kd6 58. e4 Rb3+ 59. Kg2
fxe4 60. Rxa2 Rf3 61. Ra5 Rxf4 62. Rxh5 e3 63. Ra5 e2 64. Ra1 Rxh4 65. Re1 Re4
66. Kf3 Ke5 67. Rxe2 Rxe2 68. Kxe2 1/2-1/2

[Event "BL 2013-2014"]
[Site "Germany"]
[Date "2013.11.24"]
[Round "4.7"]
[White "Levin, Felix"]
[Black "Ris, Robert"]
[Result "1/2-1/2"]
[ECO "E11"]
[WhiteElo "2486"]
[BlackElo "2416"]
[PlyCount "43"]
[EventDate "2013.??.??"]
[EventCountry "GER"]
[WhiteTeam "SV Mülheim-Nord"]
[BlackTeam "SF Katernberg"]
[TimeControl "40/6000+30:20/3000+30:900+30"]

1. d4 Nf6 2. c4 e6 3. Nf3 Bb4+ 4. Nbd2 O-O 5. a3 Be7 6. b4 d5 7. e3 a5 8. b5 c5
9. Bb2 Nbd7 10. Be2 b6 11. a4 Bb7 12. O-O Rc8 13. Qb3 Rc7 14. Rac1 Qa8 15. Qa2
Rfc8 16. dxc5 Bxc5 17. Qa1 Bf8 18. Rfd1 h6 19. h3 dxc4 20. Rxc4 Bd5 21. Rxc7
Rxc7 22. Bf1 1/2-1/2

[Event "BL 2013-2014"]
[Site "Germany"]
[Date "2013.11.24"]
[Round "4.2"]
[White "Libiszewski, Fabien"]
[Black "Bacrot, Etienne"]
[Result "1/2-1/2"]
[ECO "C67"]
[WhiteElo "2526"]
[BlackElo "2749"]
[PlyCount "62"]
[EventDate "2013.??.??"]
[EventCountry "GER"]
[WhiteTeam "SC Viernheim"]
[BlackTeam "OSG Baden-Baden"]
[TimeControl "40/6000+30:20/3000+30:900+30"]

1. e4 e5 2. Nf3 Nc6 3. Bb5 Nf6 4. O-O Nxe4 5. Re1 Nd6 6. Nxe5 Be7 7. Bf1 Nxe5
8. Rxe5 O-O 9. d4 Bf6 10. Re1 Re8 11. Rxe8+ Nxe8 12. c3 d5 13. Bd3 Be6 14. Bf4
Bg5 15. Qc1 Bxf4 16. Qxf4 Qf6 17. Qxf6 Nxf6 18. Nd2 Re8 19. Re1 Bg4 20. Rxe8+
Nxe8 21. Nf1 Nd6 22. Ne3 Be6 23. Kf1 c6 24. Ke2 g5 25. f3 h6 26. g4 Kf8 27. Kf2
f6 28. Kg3 Kg7 29. h3 Bf7 30. Nf5+ Nxf5+ 31. Bxf5 Kf8 1/2-1/2

[Event "BL 2013-2014"]
[Site "Germany"]
[Date "2013.11.24"]
[Round "4.8"]
[White "Martin, Stefan"]
[Black "Schlosser, Philipp"]
[Result "0-1"]
[ECO "D52"]
[WhiteElo "2187"]
[BlackElo "2608"]
[PlyCount "66"]
[EventDate "2013.??.??"]
[EventCountry "GER"]
[WhiteTeam "SC Viernheim"]
[BlackTeam "OSG Baden-Baden"]
[TimeControl "40/6000+30:20/3000+30:900+30"]

1. d4 Nf6 2. c4 e6 3. Nf3 d5 4. Nc3 c6 5. Bg5 Nbd7 6. e3 Qa5 7. Nd2 dxc4 8.
Bxf6 Nxf6 9. Nxc4 Qc7 10. Rc1 Be7 11. Bd3 O-O 12. O-O Rd8 13. Ne4 Bd7 14. f4
Be8 15. Qf3 g6 16. g4 Nxe4 17. Qxe4 c5 18. Ne5 Qb6 19. f5 cxd4 20. fxg6 fxg6
21. Bc4 dxe3 22. Kg2 Kg7 23. Nf3 Rd2+ 24. Kh3 Rf2 25. Nd4 Bf6 26. Nxe6+ Kh8 27.
g5 Bxb2 28. Rxf2 exf2 29. Rb1 Bd7 30. Qe2 Rf8 31. Rxb2 Bxe6+ 32. Bxe6 f1=Q+ 33.
Qxf1 Qe3+ 0-1

[Event "BL 2013-2014"]
[Site "Germany"]
[Date "2013.11.24"]
[Round "4.7"]
[White "Meier, Georg"]
[Black "Spiegel, Stefan"]
[Result "1-0"]
[ECO "E09"]
[WhiteElo "2623"]
[BlackElo "2236"]
[PlyCount "85"]
[EventDate "2013.??.??"]
[EventCountry "GER"]
[WhiteTeam "OSG Baden-Baden"]
[BlackTeam "SC Viernheim"]
[TimeControl "40/6000+30:20/3000+30:900+30"]

1. Nf3 Nf6 2. c4 e6 3. g3 d5 4. d4 Be7 5. Bg2 Nbd7 6. O-O c6 7. Qc2 O-O 8. Nbd2
b6 9. e4 Bb7 10. e5 Ne8 11. cxd5 cxd5 12. Re1 Rc8 13. Qa4 Bc6 14. Qd1 Bb5 15.
Nf1 Qc7 16. Ne3 Nb8 17. a3 a5 18. h4 a4 19. Bd2 Nc6 20. Rc1 Qb7 21. h5 Na5 22.
Rxc8 Qxc8 23. h6 g6 24. Ng4 Qd8 25. Bxa5 bxa5 26. Bf1 Bd7 27. Qc2 Qb6 28. Re3
Qa7 29. Rc3 Qb6 30. Bd3 Qd8 31. Kf1 Qb6 32. Ke1 Qd8 33. Kd1 Qb6 34. Kc1 Qd8 35.
Kb1 Qb6 36. Ka1 Qd8 37. Qd2 f5 38. exf6 Nxf6 39. Nxf6+ Bxf6 40. Qe3 Qb6 41. Ne5
Rb8 42. Rc2 Be8 43. Nc6 1-0

[Event "BL 2013-2014"]
[Site "Germany"]
[Date "2013.11.24"]
[Round "4.4"]
[White "Meinhardt, Maximilian"]
[Black "Vallejo Pons, Francisco"]
[Result "0-1"]
[ECO "C02"]
[WhiteElo "2399"]
[BlackElo "2705"]
[PlyCount "82"]
[EventDate "2013.??.??"]
[EventCountry "GER"]
[WhiteTeam "SC Viernheim"]
[BlackTeam "OSG Baden-Baden"]
[TimeControl "40/6000+30:20/3000+30:900+30"]

1. e4 e6 2. d4 d5 3. e5 c5 4. c3 Nc6 5. Nf3 Qb6 6. a3 f6 7. Bd3 fxe5 8. dxe5 g6
9. Qe2 Nh6 10. h4 c4 11. Bc2 Ng4 12. Nd4 Nxd4 13. cxd4 Qxd4 14. f4 h5 15. Bxg6+
Kd8 16. Nc3 Bd7 17. Bd2 Be8 18. Bc2 Bc5 19. O-O-O Qf2 20. Rhf1 Qxe2 21. Nxe2
Nf2 22. Rde1 Nd3+ 23. Bxd3 cxd3 24. Nc3 Bg6 25. Nxd5 Rc8 26. Kd1 Bf5 27. Ne3
Bxe3 28. Rxe3 Rc2 29. Rf2 Kd7 30. Rg3 Rxb2 31. Rg7+ Kc6 32. Be3 Rb1+ 33. Kd2
Rc8 34. Bd4 b6 35. Rxa7 Kb5 36. Bc3 Rb3 37. a4+ Kc4 38. Ba1 Kb4 39. Rf1 Rc2+
40. Ke3 d2+ 41. Kd4 Rd3# 0-1

[Event "BL 2013-2014"]
[Site "Germany"]
[Date "2013.11.24"]
[Round "4.6"]
[White "Muse, Drazen"]
[Black "Rogozenco, Dorian"]
[Result "0-1"]
[ECO "D43"]
[WhiteElo "2404"]
[BlackElo "2516"]
[PlyCount "76"]
[EventDate "2013.??.??"]
[EventCountry "GER"]
[WhiteTeam "SK König Tegel"]
[BlackTeam "Hamburger SK"]
[TimeControl "40/6000+30:20/3000+30:900+30"]

1. d4 Nf6 2. Nf3 d5 3. c4 e6 4. Nc3 dxc4 5. Qa4+ c6 6. Qxc4 b5 7. Qd3 a6 8. e4
c5 9. dxc5 Bxc5 10. Qxd8+ Kxd8 11. e5 Ng4 12. Ne4 Bb4+ 13. Bd2 Bxd2+ 14. Nexd2
Nd7 15. a4 Bb7 16. axb5 axb5 17. Rxa8+ Bxa8 18. Bxb5 Ndxe5 19. Nxe5 Nxe5 20.
O-O Ke7 21. Re1 Ng6 22. Bc4 Rd8 23. Nf1 Nh4 24. Ne3 Bxg2 25. Ra1 Be4 26. Ra7+
Kf6 27. Ng4+ Kg5 28. Be2 Nf3+ 29. Kf1 Rc8 30. Ne3 Rc1+ 31. Bd1 Kg6 32. h3 Rb1
33. Kg2 Nd4+ 34. Kh2 Rxb2 35. h4 Nf5 36. h5+ Kg5 37. Kh3 Rxf2 38. Ng4 Rd2 0-1

[Event "BL 2013-2014"]
[Site "Germany"]
[Date "2013.11.24"]
[Round "4.4"]
[White "Muse, Mladen"]
[Black "Svane, Rasmus"]
[Result "0-1"]
[ECO "A07"]
[WhiteElo "2417"]
[BlackElo "2467"]
[PlyCount "64"]
[EventDate "2013.??.??"]
[EventCountry "GER"]
[WhiteTeam "SK König Tegel"]
[BlackTeam "Hamburger SK"]
[TimeControl "40/6000+30:20/3000+30:900+30"]

1. Nf3 d5 2. g3 c6 3. Bg2 Bf5 4. O-O e6 5. d3 h6 6. Nbd2 Nf6 7. Qe1 Be7 8. e4
Bh7 9. Qe2 O-O 10. Ne5 Qc7 11. f4 Nbd7 12. Nxd7 Nxd7 13. Kh1 Rfe8 14. b3 a5 15.
a4 dxe4 16. Nxe4 f5 17. Nf2 Bf6 18. Rb1 e5 19. Qh5 Qb6 20. g4 e4 21. gxf5 exd3
22. Nxd3 Bd4 23. Ne5 Nxe5 24. fxe5 Rxe5 25. Qg4 Kh8 26. f6 gxf6 27. Qh4 Re2 28.
Bf3 Rxc2 29. Bxh6 Be5 30. Bf4 Qd4 31. Bg2 Rxg2 32. Kxg2 Rg8+ 0-1

[Event "BL 2013-2014"]
[Site "Germany"]
[Date "2013.11.24"]
[Round "4.3"]
[White "Naiditsch, Arkadij"]
[Black "Beikert, Guenther"]
[Result "1-0"]
[ECO "B14"]
[WhiteElo "2727"]
[BlackElo "2422"]
[PlyCount "70"]
[EventDate "2013.??.??"]
[EventCountry "GER"]
[WhiteTeam "OSG Baden-Baden"]
[BlackTeam "SC Viernheim"]
[TimeControl "40/6000+30:20/3000+30:900+30"]

1. c4 c6 2. e4 d5 3. exd5 cxd5 4. d4 Nf6 5. Nc3 e6 6. Nf3 Bb4 7. cxd5 Nxd5 8.
Qc2 Nc6 9. a3 Be7 10. Bd3 Nf6 11. O-O O-O 12. Rd1 Qa5 13. Bd2 g6 14. b4 Qc7 15.
Rac1 Rd8 16. Qa4 Qd6 17. Bg5 Nd5 18. Ne4 Qb8 19. b5 Bxg5 20. Nexg5 Nce7 21. Qc2
Bd7 22. Ne5 Be8 23. Qe2 Rc8 24. Bc4 Qc7 25. h4 Qb6 26. Ng4 h5 27. Ne3 Nxe3 28.
fxe3 Nf5 29. a4 a6 30. bxa6 bxa6 31. Rf1 Ng3 32. Qf3 Nxf1 33. Rxf1 Ra7 34. Bxe6
Rcc7 35. Qf6 fxe6 1-0

[Event "BL 2013-2014"]
[Site "Germany"]
[Date "2013.11.24"]
[Round "4.1"]
[White "Najer, Evgeniy"]
[Black "Swiercz, Dariusz"]
[Result "1/2-1/2"]
[ECO "B92"]
[WhiteElo "2641"]
[BlackElo "2627"]
[PlyCount "126"]
[EventDate "2013.??.??"]
[EventCountry "GER"]
[WhiteTeam "SV Wattenscheid 1930"]
[BlackTeam "SK Turm Emsdetten"]
[TimeControl "40/6000+30:20/3000+30:900+30"]

1. e4 c5 2. Nf3 d6 3. d4 cxd4 4. Nxd4 Nf6 5. Nc3 a6 6. Be2 e5 7. Nb3 Be7 8. O-O
O-O 9. Re1 Be6 10. Bf3 Nbd7 11. a4 Qb8 12. Nd2 Rc8 13. Nf1 Bd8 14. Ne3 Ba5 15.
Bd2 Qc7 16. Ncd5 Bxd5 17. exd5 Bb6 18. a5 Ba7 19. Nf5 Re8 20. Bb4 Bc5 21. Bxc5
Qxc5 22. Qd2 g6 23. b4 Qc7 24. Ne3 Rac8 25. c4 Qb8 26. Rac1 Qa7 27. Red1 h5 28.
h4 Red8 29. Rc3 b6 30. Ra3 Rb8 31. axb6 Qxb6 32. Ra4 Rdc8 33. Qa2 Qc7 34. Rb1
e4 35. Be2 Ne5 36. Rxa6 Nfg4 37. Bxg4 hxg4 38. g3 Qd8 39. Qc2 Qf6 40. c5 Nf3+
41. Kh1 Qd4 42. Nxg4 dxc5 43. Rc6 Kg7 44. Rd1 Qxb4 45. Qc1 e3 46. Qa1+ Kh7 47.
Nf6+ Kh6 48. Qc1 Re8 49. Kg2 Nd2 50. fxe3 Nb3 51. Qb2 Rxe3 52. Qf2 Re5 53. Kh3
Kg7 54. Ng4 Rf5 55. Qe3 Nd4 56. Rf6 Qb2 57. d6 Rh8 58. Qe7 Qb3 59. Rxf5 Nxf5
60. Qe5+ Kg8 61. Nf6+ Kf8 62. Nd7+ Kg8 63. Nf6+ Kf8 1/2-1/2

[Event "BL 2013-2014"]
[Site "Germany"]
[Date "2013.11.24"]
[Round "4.5"]
[White "Naumann, Alexander"]
[Black "Meister, Peter"]
[Result "1-0"]
[ECO "E80"]
[WhiteElo "2544"]
[BlackElo "2403"]
[PlyCount "65"]
[EventDate "2013.??.??"]
[EventCountry "GER"]
[WhiteTeam "SG Solingen"]
[BlackTeam "Bayern München"]
[TimeControl "40/6000+30:20/3000+30:900+30"]

1. c4 g6 2. d4 Bg7 3. e4 d6 4. Nc3 a6 5. Be3 c6 6. Bd3 Nf6 7. f3 O-O 8. a4 a5
9. Nge2 Na6 10. Rc1 e5 11. O-O exd4 12. Nxd4 Re8 13. Qd2 Nc5 14. Bc2 Qb6 15. b3
Bd7 16. Rfd1 Rad8 17. Kh1 Bc8 18. Qf2 Qc7 19. Rd2 Qe7 20. Rcd1 Qf8 21. Nde2 b6
22. Bf4 d5 23. Bc7 Bh6 24. Bxd8 Rxd8 25. f4 Re8 26. cxd5 cxd5 27. e5 Ng4 28.
Qg3 f6 29. e6 f5 30. Nxd5 Bxe6 31. Nc7 Rc8 32. Nxe6 Nxe6 33. h3 1-0

[Event "BL 2013-2014"]
[Site "Germany"]
[Date "2013.11.24"]
[Round "4.5"]
[White "Nyback, Tomi"]
[Black "Dann, Matthias"]
[Result "1-0"]
[ECO "E97"]
[WhiteElo "2586"]
[BlackElo "2440"]
[PlyCount "53"]
[EventDate "2013.??.??"]
[EventCountry "GER"]
[WhiteTeam "Werder Bremen"]
[BlackTeam "SF Berlin 1903"]
[TimeControl "40/6000+30:20/3000+30:900+30"]

1. d4 Nf6 2. c4 g6 3. Nc3 Bg7 4. e4 O-O 5. Be2 d6 6. Nf3 e5 7. O-O Nc6 8. d5
Ne7 9. b4 a5 10. Ba3 b6 11. bxa5 Nh5 12. Re1 Nf4 13. Bf1 f5 14. Nd2 Bh6 15. Nb3
fxe4 16. Nxe4 bxa5 17. c5 a4 18. cxd6 cxd6 19. Nbd2 Nf5 20. Nc4 Ra6 21. Rb1 Qh4
22. Rb8 Nd4 23. Nxe5 dxe5 24. Bxf8 Bxf8 25. Rxc8 Rb6 26. g3 Nh3+ 27. Kg2 1-0

[Event "BL 2013-2014"]
[Site "Germany"]
[Date "2013.11.24"]
[Round "4.5"]
[White "Parligras, Mircea-Emilian"]
[Black "Bogner, Sebastian"]
[Result "0-1"]
[ECO "D15"]
[WhiteElo "2576"]
[BlackElo "2557"]
[PlyCount "84"]
[EventDate "2013.??.??"]
[EventCountry "GER"]
[WhiteTeam "SG Trier 1877"]
[BlackTeam "SC Eppingen"]
[TimeControl "40/6000+30:20/3000+30:900+30"]

1. d4 d5 2. c4 c6 3. Nf3 Nf6 4. Nc3 a6 5. c5 Bf5 6. Bf4 Nbd7 7. e3 Nh5 8. Be5
Nhf6 9. Bg3 g6 10. Be2 Ne4 11. Nxe4 Bxe4 12. O-O Bxf3 13. Bxf3 Bg7 14. Qb3 Qc8
15. Rad1 O-O 16. e4 dxe4 17. Bxe4 e5 18. Bd3 exd4 19. Bd6 Re8 20. Bc4 Ne5 21.
Bxe5 Rxe5 22. Bxf7+ Kf8 23. Rxd4 Re7 24. Rf4 Qc7 25. Rh4 Rxf7 26. Rxh7 Qe5 27.
Qd3 Qf5 28. Qd6+ Kg8 29. Rh3 Rd7 30. Qg3 Rad8 31. b4 Rd3 32. Qh4 R8d4 33. Qh7+
Kf7 34. Re3 Qh5 35. Re7+ Kxe7 36. Qxg7+ Kd8 37. Qxb7 Rd1 38. g3 Rxf1+ 39. Kxf1
Qh3+ 40. Ke1 Qe6+ 41. Kf1 Qe4 42. Qb8+ Ke7 0-1

[Event "BL 2013-2014"]
[Site "Germany"]
[Date "2013.11.24"]
[Round "4.8"]
[White "Postny, Evgeny"]
[Black "Gonda, Laszlo"]
[Result "1/2-1/2"]
[ECO "A40"]
[WhiteElo "2635"]
[BlackElo "2543"]
[PlyCount "206"]
[EventDate "2013.??.??"]
[EventCountry "GER"]
[WhiteTeam "SC Eppingen"]
[BlackTeam "SG Trier 1877"]
[TimeControl "40/6000+30:20/3000+30:900+30"]

1. d4 e6 2. c4 b6 3. a3 Bb7 4. Nc3 f5 5. d5 Nf6 6. g3 Na6 7. Bg2 Nc5 8. Nh3 Bd6
9. O-O O-O 10. Qc2 a5 11. Rd1 Qe7 12. Rb1 Rae8 13. Be3 Nce4 14. Nxe4 fxe4 15.
dxe6 Qxe6 16. c5 bxc5 17. Bxc5 Bxc5 18. Qxc5 Qe5 19. Rbc1 Bc6 20. b4 Qxc5 21.
Rxc5 axb4 22. axb4 Ra8 23. g4 Rfb8 24. g5 Ne8 25. b5 Ra5 26. bxc6 Rxc5 27. cxd7
Nd6 28. Bxe4 Rd8 29. Bd5+ Kf8 30. Be6 Ke7 31. Bg4 h5 32. Bxh5 Rxd7 33. Bg4 Rd8
34. Rd3 Nf7 35. Rxd8 Kxd8 36. f4 Ke7 37. Kf2 Rc3 38. Ke1 Rc1+ 39. Kd2 Rh1 40.
e4 Rxh2+ 41. Ke3 c5 42. Nf2 Nd6 43. e5 Nc4+ 44. Kf3 Nd2+ 45. Kg3 Nf1+ 46. Kf3
c4 47. f5 c3 48. f6+ gxf6 49. gxf6+ Kf7 50. e6+ Kxf6 51. Ne4+ Ke5 52. Nxc3 Rh8
53. Nd1 Rg8 54. Bh3 Nd2+ 55. Ke2 Ne4 56. Nf2 Nc3+ 57. Kf3 Rf8+ 58. Kg2 Nd5 59.
Kg3 Rg8+ 60. Kf3 Ra8 61. Ng4+ Kd4 62. Nh6 Ra3+ 63. Kg4 Ke5 64. Nf7+ Kxe6 65.
Ng5+ Ke5 66. Nf3+ Ke4 67. Ng5+ Ke3 68. Bg2 Nf4 69. Be4 Ne2 70. Bc6 Ra1 71. Nf3
Rc1 72. Bb5 Nc3 73. Bc6 Nd1 74. Ba8 Ra1 75. Bc6 Ra5 76. Nh4 Nf2+ 77. Kg3 Rg5+
78. Kh2 Ng4+ 79. Kh3 Ne5 80. Ng2+ Kf2 81. Kh4 Rg7 82. Ba8 Ra7 83. Bd5 Ra5 84.
Nf4 Ke3 85. Kg3 Ra4 86. Ng2+ Kd4 87. Be6 Ra3+ 88. Kf2 Nd3+ 89. Ke2 Nc5 90. Bf5
Ke5 91. Bc2 Ne6 92. Kd2 Kd4 93. Nh4 Ra2 94. Nf3+ Kc4 95. Ne5+ Kd5 96. Nd3 Kd4
97. Nc1 Rb2 98. Nd3 Rb8 99. Nc1 Nc5 100. Ne2+ Kc4 101. Ke3 Rh8 102. Bf5 Re8+
103. Kf3 Rf8 {Ke4} 1/2-1/2